 Dungeon Crawl Stone Soup version 0.18.1-8-gdd0e5ea (webtiles) character file.

305 Scarto the Skirmisher (level 6, 0/48 HPs)
             Began as a Demonspawn Fighter on June 7, 2016.
             Was a Follower of Makhleb.
             Slain by Blork the orc
             ... wielding a +0 mace of venom
              (5 damage)
             ... on level 5 of the Dungeon.
             The game lasted 00:06:12 (3120 turns).

Scarto the Skirmisher (Demonspawn Fighter)          Turns: 3120, Time: 00:06:14

Health: 0/48       AC:  7    Str: 23    XL:     6   Next: 15%
Magic:  7/7        EV:  7    Int: 10    God:    Makhleb [*.....]
Gold:   209        SH: 11    Dex: 12    Spells: 0 memorised, 5 levels left

rFire  . . .     SeeInvis .     a - +0 war axe
rCold  . . .     Gourm    .     b - +0 scale mail
rNeg   . . .     Faith    .     c - +1 shield
rPois  .         Spirit   .     (helmet restricted)
rElec  .         Dismiss  .     (no cloak)
rCorr  .         Reflect  .     (no gloves)
SustAt .         Harm     .     (no boots)
MR     .....                    (no amulet)
Stlth  ..........               (no ring)
                                (no ring)

@: mighty, lethally poisoned (0 -> -26), not resistant to hostile enchantments,
extremely unstealthy
A: antennae 1, claws 1, hooves 1
a: Renounce Religion


You were on level 5 of the Dungeon.
You worshipped Makhleb.
Makhleb was aware of your devotion.
You were not hungry.

You visited 1 branch of the dungeon, and saw 5 of its levels.

You collected 209 gold pieces.

Inventory:

Hand Weapons
 a - a +0 war axe (weapon)
 g - a +0 mace
Armour
 b - a +0 scale mail (worn)
 c - a +1 shield (worn)
Scrolls
 i - 4 scrolls of enchant armour
 k - a scroll of teleportation
 m - a scroll of recharging
 p - a scroll of remove curse
Potions
 e - 2 potions of curing
 j - 3 potions of agility {unknown}
 l - a potion of lignification
 n - a potion of degeneration
Comestibles
 f - 3 bread rations
 h - a meat ration


   Skills:
 + Level 4.0 Fighting
 + Level 2.9(3.0) Axes
 + Level 1.0(2.1) Maces & Flails
 + Level 3.7 Armour
 + Level 3.9 Shields
 + Level 2.3 Invocations


You had 5 spell levels left.
You didn't know any spells.

Dungeon Overview and Level Annotations

Branches:
Dungeon (5/15)
 Temple: D:4-7

Altars:
Makhleb
Okawaru
Ru
Xom
Zin

Annotations:
D:5 Blork the orc


Innate Abilities, Weirdness & Mutations

You have a pair of small antennae on your head.
You have sharp fingernails.
You have large cloven feet.


Message History

You slash the giant gecko!
You kill the giant gecko!
Makhleb accepts your kill.
You feel sick.
Blork the orc mumbles some strange words.
Blork the orc flickers and vanishes!
Deactivating autopickup; reactivate with Ctrl-A.
Something hits you but does no damage.
You are more poisoned.
Something hits you.
* * * LOW HITPOINT WARNING * * *
You are more poisoned.
You closely miss something.
* * * LOW HITPOINT WARNING * * *
You feel very sick. Something hits you.
* * * LOW HITPOINT WARNING * * *
You are more poisoned.
Something hits you.
You die...

.# . .. .. ...# .. .# #.
... . ... ##. #. ...##.#
..... ... #. ......#
.....##.#######. b#....#
..........[...$l#......#
.....##.########{†._...#
......#)#.#....#@#
......#...#.##.#.#
......###.#.##.#.#
###..<....#.##.#.#
..........#.#....#
##.#..###.#.#.##<#
#.#..# #.#......#
##.#..# #.....##.#
...#..###..#####.#


You could see a giant newt.

Vanquished Creatures
  A scorpion (D:4)
  A hound (D:5)
  An orc wizard (D:5)
  2 worker ants (D:4)
  2 adders
  2 shadow imps (D:5)
  A worm (D:4)
  8 dart slugs
  3 giant geckos
  9 orcs
  11 bats
  5 giant cockroaches
  9 goblins
  6 hobgoblins
  4 jackals (D:4)
  9 kobolds
  A quokka (D:4)
  4 giant newts
  9 rats
88 creatures vanquished.

Notes
Turn   | Place    | Note
--------------------------------------------------------------
     0 | D:1      | Scarto the Demonspawn Fighter began the quest for the Orb.
     0 | D:1      | Reached XP level 1. HP: 18/18 MP: 1/1
   115 | D:1      | Gained mutation: You have large cloven feet. [demonic ancestry]
   115 | D:1      | Reached XP level 2. HP: 23/24 MP: 2/2
   948 | D:2      | Reached XP level 3. HP: 29/29 MP: 3/3
  1642 | D:3      | Gained mutation: You have a pair of small antennae on your head. [demonic ancestry]
  1642 | D:3      | Reached XP level 4. HP: 36/36 MP: 4/4
  1772 | D:3      | Found a burning altar of Makhleb.
  1778 | D:3      | Became a worshipper of Makhleb the Destroyer
  1845 | D:3      | Found a faded altar to an unknown god.
  1868 | D:3      | Found a sacrificial altar of Ru.
  2105 | D:3      | Found a glowing silver altar of Zin.
  2345 | D:4      | Reached skill level 1 in Invocations
  2362 | D:4      | Found an iron altar of Okawaru.
  2372 | D:4      | Reached XP level 5. HP: 29/42 MP: 4/6
  2462 | D:4      | Reached * piety under Makhleb
  2798 | D:5      | Entered Level 5 of the Dungeon
  2817 | D:5      | Reached skill level 4 in Fighting
  2822 | D:5      | Reached skill level 1 in Maces & Flails
  2822 | D:5      | Gained mutation: You have sharp fingernails. [demonic ancestry]
  2822 | D:5      | Reached XP level 6. HP: 22/48 MP: 7/7
  3105 | D:5      | Noticed Blork the orc
  3109 | D:5      | Found a shimmering altar of Xom.
  3120 | D:5      | Slain by Blork the orc

Skill      XL: |  1  2  3  4  5 |
---------------+----------------+-----
Shields        | 3 |  3.9
Axes           | 2 |  2.9
Armour         | 3 |  3.7
Invocations    | 1 2 |  2.3
Fighting       | 4 |  4.0
Maces & Flails | 1 |  1.0

Action                   |  1- 3 |  4- 6 || total
-------------------------+-------+-------++-------
Melee: War axe           |   151 |   161 ||   312
       Kick              |    38 |    48 ||    86
  Use: Scroll            |     5 |     4 ||     9
       Potion            |       |     4 ||     4
  Eat: Chunk             |     1 |     2 ||     3
       Bread ration      |     1 |       ||     1
Armor: Scale mail        |    84 |    81 ||   165
Dodge: Dodged            |    40 |    60 ||   100
Block: Shield            |    99 |   116 ||   215
